 Dungeon Crawl Stone Soup version 0.22-a0-292-g0df9d5f (webtiles) character file.

39 Rein the Charmwright (level 3, -4/28 HPs)
             Began as a Human Skald on Mar 23, 2018.
             Killed from afar by Natasha (5 damage)
             ... with a wand of flame (26)
             ... on level 3 of the Dungeon.
             The game lasted 00:04:20 (1247 turns).

Rein the Charmwright (Human Skald)                  Turns: 1247, Time: 00:04:23

Health: -4/28      AC:  4    Str: 11    XL:     3   Next: 70%
Magic:  7/7        EV: 11    Int: 13    God:
Gold:   53         SH:  3    Dex: 13    Spells: 2/7 levels left

rFire    . . .     SeeInvis .   a - +0 falchion
rCold    . . .     Gourm    .   f - +0 buckler
rNeg     . . .     Faith    .   b - +0 leather armour
rPois    .         Spirit   .   (no helmet)
rElec    .         Reflect  .   (no cloak)
rCorr    .         Harm     .   e - +0 pair of gloves
MR       .....                  (no boots)
Stlth    +.........             (no amulet)
HPRegen  0.09/turn              (no ring)
MPRegen  0.10/turn              (no ring)

@: no status effects
A: no striking features
a: no special abilities


You were on level 3 of the Dungeon.
You were not hungry.

You visited 1 branch of the dungeon, and saw 3 of its levels.

You collected 53 gold pieces.

Inventory:

Hand Weapons
 a - a +0 falchion (weapon)
Armour
 b - a +0 leather armour (worn)
 e - a +0 pair of gloves (worn)
 f - a +0 buckler (worn)
 i - a +0 scale mail
Scrolls
 c - a scroll of identify {unknown}
 h - a scroll of teleportation {unknown}
 k - a scroll of remove curse {unknown}
 m - a scroll of fear {unknown}
 n - a scroll of immolation {unknown}
Potions
 g - a potion of curing
 j - a potion of lignification {unknown}
Comestibles
 d - 6 rations
 l - 2 chunks of flesh


   Skills:
 + Level 2.4 Fighting
 - Level 2.0 Long Blades
 - Level 1.0 Armour
 - Level 2.0 Dodging
 + Level 0.9 Shields
 * Level 2.7 Spellcasting
 + Level 3.3 Charms


You had 2 spell levels left.
You knew the following spells:

 Your Spells              Type           Power        Failure   Level  Hunger
a - Infusion              Chrm           ##..         12%         1    #......
b - Song of Slaying       Chrm           ##......     17%         2    ###....
c - Shroud of Golubria    Chrm/Tloc      #.........   34%         2    ###....


Dungeon Overview and Level Annotations

Branches:
Dungeon (3/15)

Altars:

Annotations:
D:2 Sigmund
D:3 Natasha


Message History

Natasha is heavily wounded.
The crimson imp closely misses you. Natasha claws you!
* * * LOW HITPOINT WARNING * * *
You barely miss Natasha.
Natasha is heavily wounded.
The crimson imp laughs crazily.
The crimson imp closely misses you. Natasha barely misses you.
You hit Natasha.
Natasha is almost dead.
The crimson imp hits you but does no damage.
Natasha claws you.
* * * LOW HITPOINT WARNING * * *
You hit Natasha but do no damage.
Natasha is almost dead.
The crimson imp hits you.
* * * LOW HITPOINT WARNING * * *
You block Natasha's attack. The crimson imp hits you.
* * * LOW HITPOINT WARNING * * *
Natasha zaps a wand.
The puff of flame hits you!
You die...

### #.####### #...
...#
######.#####.######
#.$.............<.#
#..5.......#.######
#..@.......#.#
......h###.#...#.#
.....5. #.#...#.#
(...... #.#...#.#
.....## #.#...#.#
..... #+#...#.#
>.... ....#.# ....
.#.##


You could see Natasha and 2 crimson imps.

Vanquished Creatures
  A worm (D:2)
  3 dart slugs
  A leopard gecko (D:1)
  4 bats
  5 goblins (D:1)
  3 hobgoblins (D:1)
  A quokka (D:2)
  A ball python skeleton (D:2)
  A frilled lizard (D:2)
  7 kobolds
  3 rats (D:1)
30 creatures vanquished.

Notes
Turn   | Place    | Note
-------+----------+-------------------------------------------
     0 | D:1      | Rein the Human Skald began the quest for the Orb.
     0 | D:1      | Reached XP level 1. HP: 16/16 MP: 3/3
    71 | D:1      | Reached XP level 2. HP: 22/22 MP: 5/5
    75 | D:1      | Learned a level 2 spell: Song of Slaying
    78 | D:1      | Learned a level 2 spell: Shroud of Golubria
   372 | D:1      | Reached XP level 3. HP: 21/27 MP: 6/6
  1191 | D:2      | Noticed Sigmund
  1236 | D:3      | Noticed Natasha
  1247 | D:3      | HP: 1/28 [crimson imp[Natasha] (2)]
  1247 | D:3      | Killed from afar by Natasha

Vault maps used:
D:1:      saegor_arrival_miasma
D:2:      uniq_sigmund, uniq_terence
D:3:      first_ration, grunt_dithmenos_smoke_and_mirrors, uniq_ijyb,
          uniq_natasha, uniq_robin

Action                   || total
-------------------------++-------
Melee: Falchion          ||   114
 Stab: Sleeping          ||     2
  Eat: Chunk             ||     1
Armor: Leather armour    ||    36
Dodge: Dodged            ||    72
Block: Buckler           ||    10
       Rpst.: Falchion   ||    26

Table legend:
 A = Spawn XP
 B = Non-spawn XP
 C = Spawn XP percentage of total XP
 D = Spawn monster count
 E = Non-spawn monster count
 F = Spawn count percentage of total count
 G = Total turns spent on level
                    A         B        C        D         E        F      G
               +---------+---------+-------+---------+---------+-------+---------
         Total |       0 |      57 |   0.0 |       0 |      30 |   0.0 |  1247
               +---------+---------+-------+---------+---------+-------+---------
           D:1 |       0 |      40 |   0.0 |       0 |      21 |   0.0 |   871
           D:2 |       0 |      13 |   0.0 |       0 |       8 |   0.0 |   348
           D:3 |       0 |       4 |   0.0 |       0 |       1 |   0.0 |    28
               +---------+---------+-------+---------+---------+-------+---------
